 Dungeon Crawl Stone Soup version 0.29-a0-834-g1e95ca9f62 (webtiles) character file.

Game seed: 4273024085360611026

5438 bande the Cleaver (level 10, 0/63 HPs)
             Began as a Gargoyle Fighter on July 13, 2022.
             Was a Priest of Okawaru.
             Slain by an orc warrior
             ... wielding a +0 glaive
              (10 damage)
             ... on level 8 of the Dungeon.
             The game lasted 00:14:36 (10333 turns).

bande the Cleaver (Gargoyle Fighter)               Turns: 10333, Time: 00:14:36

Health: 0/63       AC: 19    Str: 21    XL:     10   Next: 68%
Magic:  13/13      EV:  7    Int:  8    God:    Okawaru [***...]
Gold:   422        SH:  6    Dex: 13    Spells: 9/9 levels left

rFire   . . .      SeeInvis .   s - +2 war axe (elec)
rCold   . . .      Faith    .   c - +1 buckler
rNeg    + . .      Spirit   .   d - +0 chain mail
rPois   ∞          Reflect  .   (no helmet)
rElec   +          Harm     .   (no cloak)
rCorr   .          Rampage  .   (no gloves)
Will    .....                   v - +0 pair of boots
Stlth   ..........              (no amulet)
HPRegen 0.20/turn               (no ring)
MPRegen 0.13/turn               (no ring)

@: no status effects
A: sickness immunity, AC +7, negative energy resistance 1, electricity
resistance, torment resistance 1, petrification resistance
a: Renounce Religion, Heroism


You were on level 8 of the Dungeon.
You worshipped Okawaru.
Okawaru was most pleased with you.
You visited 2 branches of the dungeon, and saw 9 of its levels.

You collected 422 gold pieces.

Inventory:

Hand Weapons
 a - a +0 war axe
 i - a +0 broad axe of venom
 s - a +2 war axe of electrocution (weapon)
 x - a +0 flail
Armour
 c - a +1 buckler (worn)
 d - a +0 chain mail (worn)
 v - a +0 pair of boots (worn)
Jewellery
 t - a ring of wizardry
 w - a ring of magical power
Wands
 l - a wand of paralysis (10)
Scrolls
 b - 4 scrolls of teleportation
 f - a scroll of silence
 h - 2 scrolls of fear
 k - 2 scrolls of amnesia
 n - a scroll of enchant armour
 o - 2 scrolls of poison
Potions
 e - 2 potions of heal wounds
 g - 2 potions of invisibility
 j - 2 potions of haste
 m - a potion of brilliance {unknown}
 p - a potion of flight {unknown}
 q - a potion of mutation {unknown}
 r - a potion of attraction {unknown}
 u - a potion of curing {unknown}


   Skills:
 + Level 7.1 Fighting
 + Level 9.4 Axes
 + Level 8.7 Armour
 + Level 6.4 Shields
 * Level 4.0 Invocations
 * Level 3.3 Evocations


You had 9 spell levels left.
You didn't know any spells.
Your spell library contained the following spells:

 Spells                   Type           Power      Damage    Failure   Level
 Apportation              Tloc           0%         N/A       98%         1
 Alistair's Intoxication  Tmut/Pois      0%         N/A       100%        5


Dungeon Overview and Level Annotations

Branches:
Dungeon (8/15)             Temple (1/1) D:6
   Lair: D:8-11

Altars:
Cheibriados
Dithmenos
Gozag
Hepliaklqana
Kikubaaqudgha
Makhleb
Nemelex Xobeh
Okawaru
Qazlal
Ru
Vehumet
Wu Jian
Xom
Yredelemnul
Zin
The Shining One

Shops:
D:2 ((==?


Innate Abilities, Weirdness & Mutations

You are immune to sickness and miasma.
Your stone body is resilient. (AC +7)
You are immune to poison.
You resist negative energy. (rN+)
You are resistant to electric shocks. (rElec)
You are resistant to unholy torment.
You are immune to petrification.


Message History

The orc warrior hits you from afar with a +0 glaive!
The orc priest hits you but does no damage.
The orc shouts! x2
You hit the orc priest.
Lightning courses through the orc priest!
You kill the orc priest!
Okawaru accepts your kill.
You barely miss the orc priest. The orc priest barely misses you.
The orc warrior hits you from afar with a +0 glaive!
Found a scroll of immolation.
The orc priest hits you but does no damage.
The orc warrior hits you with a +0 glaive!
* * * LOW HITPOINT WARNING * * *
Things that are here:
a +0 hand axe; a +0 leather armour; an orc corpse You hit the orc warrior but do no damage.
You closely miss the orc priest.
The orc priest mumbles some strange prayers to Beogh against you.
You struggle to resist.
The orc warrior hits you with a +0 glaive.
* * * LOW HITPOINT WARNING * * *
Unknown command.
You hit the orc warrior.
The orc warrior is lightly wounded.
You closely miss the orc. You hit the orc priest. You block the orc's attack.
The orc priest hits you but does no damage.
You block the orc warrior's attack.
Unknown command.
You hit the orc warrior but do no damage.
The orc warrior is lightly wounded.
You slash the orc!
You kill the orc!
Okawaru accepts your kill.
You slash the orc priest!
The orc priest hits you with a +0 flail.
* * * LOW HITPOINT WARNING * * *
The orc warrior hits you but does no damage.
You block the orc's attack.
The orc warrior hits you with a +0 glaive!
You die...

#
#...................##
###...#.##...#...#....
###...##.#####.##.##
#...#..# #....#
#.....# ####.#
###....## #.[#
#..)...# #.)#
#...#....# #......)#
#..##@o.## ..#####.#
.... #oo....?# #.#
##.. ........# ..# ##
.......>.. ...
......##### ...
........ ....
.#..#.##.. .##.####
#.#


You could see an orc warrior, an orc priest and an orc.

Vanquished Creatures
  The ghost of Nick1 the Reanimator, a novice DsNe of Yredelemnul (D:6)
  An unseen horror skeleton (D:6)
  An unseen horror zombie (D:6)
  Grinder (D:5)
  Sigmund (D:6)
  2 steam dragons
  Edmund (D:3)
  2 water moccasins
  An orc warrior (D:7)
  4 black bears
  3 ice beasts (D:5)
  3 ogres
  2 centaurs (D:5)
  A phantom (D:5)
  2 kobold brigands
  Blork the orc (D:5)
  2 necrophages
  4 scorpions
  13 wights
  4 killer bees (D:8)
  A howler monkey (D:5)
  A wyvern simulacrum (D:6)
  3 hounds
  5 orc priests
  Ijyb (D:5)
  6 orc wizards
  5 iguanas
  2 spectral howler monkeys (D:6)
  10 adders
  A shadow imp (D:5)
  A white imp (D:6)
  3 ufetubi
  4 worms
  3 dart slugs
  24 orcs
  9 bats
  7 endoplasms
  2 giant cockroaches
  9 goblins
  13 hobgoblins
  3 jackals (D:2)
  4 quokkas
  4 ball pythons
  2 frilled lizards
  11 kobolds
  9 rats
  A spectral orc (D:4)
194 creatures vanquished.

Notes
Turn   | Place    | Note
-------+----------+-------------------------------------------
     0 | D:1      | bande the Gargoyle Fighter began the quest for the Orb.
     0 | D:1      | Reached XP level 1. HP: 14/14 MP: 1/1
    49 | D:1      | Reached XP level 2. HP: 13/19 MP: 2/2
   222 | D:1      | Reached skill level 2 in Axes
   638 | D:1      | Reached XP level 3. HP: 23/23 MP: 3/3
   807 | D:1      | Found a faded altar of an unknown god.
  1049 | D:2      | Found Fymew's Antique Weapon Shop.
  1265 | D:2      | Reached XP level 4. HP: 29/29 MP: 4/4
  1273 | D:2      | Found a radiant altar of Vehumet.
  1314 | D:2      | Found Mic Ziu's Weapon Shop.
  1365 | D:2      | Found Pirush's Jewellery Emporium.
  1445 | D:2      | Found Kuhad's Magic Scroll Boutique.
  1578 | D:2      | Reached skill level 3 in Axes
  1675 | D:2      | Found Acha Jev's Jewellery Emporium.
  2487 | D:3      | Found a hazy altar of Hepliaklqana.
  2679 | D:3      | Reached XP level 5. HP: 33/33 MP: 5/5
  2793 | D:3      | Found a glowing silver altar of Zin.
  2807 | D:3      | Found a stormy altar of Qazlal.
  3324 | D:4      | Noticed Edmund
  3364 | D:3      | Killed Edmund
  3365 | D:3      | Reached skill level 4 in Axes
  3365 | D:3      | Reached XP level 6. HP: 27/38 MP: 6/6
  4282 | D:4      | Noticed a black bear
  4289 | D:4      | Killed a black bear
  4290 | D:4      | Reached skill level 5 in Armour
  4290 | D:4      | Reached XP level 7. HP: 33/44 MP: 7/7
  4432 | D:4      | Reached skill level 5 in Axes
  4516 | D:4      | Found a basalt altar of Yredelemnul.
  4820 | D:5      | Entered Level 5 of the Dungeon
  5337 | D:5      | Reached skill level 5 in Fighting
  5342 | D:5      | Reached skill level 6 in Axes
  5342 | D:5      | Reached XP level 8. HP: 40/49 MP: 8/8
  5486 | D:5      | Noticed Grinder
  5486 | D:5      | Paralysed by Grinder for 4 turns
  5493 | D:5      | Killed Grinder
  5985 | D:5      | Reached skill level 7 in Axes
  6065 | D:5      | Noticed Ijyb
  6071 | D:5      | Killed Ijyb
  6089 | D:5      | Reached skill level 5 in Shields
  6089 | D:5      | Reached XP level 9. HP: 8/55 MP: 9/9
  6482 | D:5      | Noticed Blork the orc
  6488 | D:5      | Killed Blork the orc
  6877 | D:6      | Found a runed translucent gate.
  6878 | D:6      | Found a runed translucent gate.
  6878 | D:6      | Found a runed translucent gate.
  6981 | D:6      | Reached skill level 8 in Axes
  7011 | D:6      | Found a staircase to the Ecumenical Temple.
  7050 | Temple   | Entered the Ecumenical Temple
  7084 | Temple   | Became a worshipper of Warmaster Okawaru
  7191 | D:6      | Found a shadowy altar of Dithmenos.
  7194 | D:6      | Noticed Sigmund
  7198 | D:6      | Killed Sigmund
  7215 | D:6      | Reached skill level 1 in Invocations
  7216 | D:6      | Reached skill level 1 in Evocations
  7538 | D:6      | Reached * piety under Okawaru
  7691 | D:6      | Noticed Nick1's ghost (novice DsNe)
  8032 | D:6      | Reached XP level 10. HP: 27/61 MP: 8/12
  8037 | D:6      | Killed Nick1's ghost
  8037 | D:6      | Reached ** piety under Okawaru
  8038 | D:6      | Reached skill level 9 in Axes
 10133 | D:8      | Reached *** piety under Okawaru
 10333 | D:8      | Slain by an orc warrior

Illustrated notes

Levels and vault maps discovered:
D:1:      dpeg_arrival_pits, layout_basic, shapermc_ecumenical_altar_mp_vishouse
D:2:      layout_rooms, serial_shops, shop, nicolae_shop_stone, shop,
          nicolae_shop_bloodbath_and_beyond, nicolae_shop_trees, basic_altar,
          minmay_misc_feat_four_crosses
D:3:      layout_loops_cross, nicolae_overflow_squiral,
          worldfamousw_hep_ancestral_shrine, minmay_goblin_kobold_house
D:4:      layout_cave_pools, yredelemnul_forgotten_temple_becter, uniq_edmund
D:5:      minmay_general_purpose_star, layout_cave_pods,
          chequers_serial_rivers_micro_e, chequers_serial_rivers_small_a,
          uniq_ijyb, uniq_blork_the_orc, uniq_grinder
D:6:      layout_basic, grunt_dithmenos_smoke_and_mirrors,
          minmay_temple_entry_wispy, gammafunk_ghost_necromancy, uniq_sigmund
D:7:      layout_loops_corners
D:8:      layout_rooms, lemuel_tele_altar, david_lair_generic, uniq_grum
Temple:   nicolae_temple_elliptical

Skill      XL: |  1  2  3  4  5  6  7  8  9 10 |
---------------+-------------------------------+-----
Axes           | 2 3 4 6 7 8 9 |  9.4
Armour         | 4 5 7 8 |  8.7
Fighting       | 4 5 6 7 |  7.1
Shields        | 4 5 6 |  6.4
Invocations    | 2 4 |  4.0
Evocations     | 2 3 |  3.3

Action                   |  1- 3 |  4- 6 |  7- 9 | 10-12 || total
-------------------------+-------+-------+-------+-------++-------
Melee: War axe           |   107 |   131 |   196 |   120 ||   554
Invok: Heroism           |       |       |     1 |       ||     1
  Use: Potion            |       |     3 |     2 |       ||     5
       Scroll            |       |       |    15 |     1 ||    16
Armor: Scale mail        |    57 |    72 |       |       ||   129
       Chain mail        |       |    25 |   192 |    89 ||   306
Dodge: Dodged            |    60 |    62 |    92 |    42 ||   256
Block: Buckler           |    31 |    33 |    89 |    57 ||   210

Table legend: (Time is in decaauts)
 A = Elapsed time spent in this place.
 B = Non-inter-level travel time spent in this place.
 C = Inter-level travel time spent in this place.
 D = Time resting spent in this place.
 E = Time spent auto-exploring this place.
 F = Levels seen in this place.
 G = Mean time per level.
                   A        B        C        D        E       F      G
               +--------+--------+--------+--------+--------+-----+--------+
         Total |  10481 |  10327 |    154 |   3699 |   4905 |   9 | 1164.6 |
       Dungeon |  10414 |  10260 |    154 |   3699 |   4883 |   8 | 1301.8 |
        Temple |     66 |     66 |      0 |      0 |     22 |   1 |   66.0 |
               +--------+--------+--------+--------+--------+-----+--------+

Top non-repeatable levels by time:
     D:5: 2060 daAuts
     D:3: 2004 daAuts
     D:7: 1670 daAuts
     D:6: 1396 daAuts
     D:4: 1065 daAuts
     D:1: 948 daAuts
     D:2: 906 daAuts
     D:8: 361 daAuts
  Temple: 66 daAuts
